 Dungeon Crawl Stone Soup version 0.15.0-31-geb66e34 (webtiles) character file.

1825 Chiseanne the Covert (level 8, -3/37 HPs)
             Began as a Spriggan Assassin on Sept 14, 2014.
             Slain by a giant frog (8 damage)
             ... on Level 6 of the Dungeon.
             The game lasted 00:25:36 (7115 turns).

Chiseanne the Covert (Spriggan Assassin)            Turns: 7115, Time: 00:25:36

HP  -3/37        AC  4     Str  7      XL: 8   Next: 86%
MP  16/16        EV 27     Int 13      God:
Gold 354         SH  5     Dex 19      Spells:  0 memorised,  7 levels left

rFire  . . .     SeeInvis +     a - +2 dagger
rCold  . . .     Clarity  +     c - +0 robe
rNeg   . . .     rCorr    .     i - +0 buckler
rPois  .         rRot     .     (helmet restricted)
rElec  .         Spirit   .     d - +1 cloak
SustAb .         Warding  .     (gloves unavailable)
rMut   .         Stasis   .     (boots unavailable)
Gourm  .                        l - amulet of clarity
MR     +....                    (no ring)
                                (no ring)

@: very quick, somewhat resistant to hostile enchantments, extremely stealthy
A: unfitting armour, see invisible, herbivore 3, speed 3, slow metabolism 2
a: no special abilities


You were on level 6 of the Dungeon.
You were not hungry.

You visited 1 branch of the dungeon, and saw 6 of its levels.

You collected 354 gold pieces.

Inventory:

Hand weapons
 a - a +2 dagger (weapon)
 s - the +0 short sword of Klafuegg {slice, rElec rPois rF+ Stlth--}
   (You found it on level 5 of the Dungeon)

   It inflicts extra damage upon your enemies.
   It protects you from fire.
   It insulates you from electricity.
   It protects you from poison.
   It makes you much less stealthy.
 w - a +0 blowgun
 B - a +3 quarterstaff of chaos
 E - a +2 whip of flaming
Missiles
 e - 12 poisoned needles
 f - a curare-tipped needle
 m - 51 sling bullets
 n - 133 stones (quivered)
 t - 18 poisoned sling bullets
 u - 7 needles of sleeping
 y - a throwing net
Armour
 c - a +0 robe (worn)
 d - a +1 cloak (worn)
 i - a +0 buckler (worn)
Magical devices
 b - a wand of disintegration (17)
 A - a wand of digging (11)
Comestibles
 h - 5 bread rations
 C - 5 fruits
Scrolls
 j - 2 scrolls of magic mapping
 p - 4 scrolls of teleportation
 v - 4 scrolls of amnesia
 x - a scroll of fear
 H - a scroll of identify
Jewellery
 l - an amulet of clarity (around neck)
Potions
 g - a potion of porridge
 k - 3 potions of heal wounds
 o - a potion of curing {unknown}
 r - a potion of restore abilities {unknown}
 D - 3 potions of brilliance
 G - a potion of magic {unknown}
Books
 q - a book of Power

   Spells                             Type                      Level
   Fulminant Prism                    Conjuration/Hexes            4
   Iskenderun's Mystic Blast          Conjuration                  4
   Venom Bolt                         Conjuration/Poison           5
   Bolt of Magma                      Conjuration/Fire/Earth       5
   Iron Shot                          Conjuration/Earth            6
   Orb of Destruction                 Conjuration                  7
 z - a Grand Grimoire {highlevel}

   This book is beyond your current level of understanding.

   Spells                             Type                      Level
   Aura of Abjuration                 Summoning                    6
   Forceful Dismissal                 Summoning                    6
   Summon Greater Demon               Summoning                    7
   Malign Gateway                     Summoning/Translocation      7
   Summon Horrible Things             Summoning                    8
 F - a book of Necromancy

   Spells                             Type                      Level
   Pain                               Necromancy                   1
   Animate Skeleton                   Necromancy                   1
   Vampiric Draining                  Necromancy                   3
   Regeneration                       Charms/Necromancy            3
   Animate Dead                       Necromancy                   4
   Control Undead                     Necromancy                   4


   Skills:
 - Level 1.5 Fighting
 * Level 2.7 Short Blades
 - Level 2.1 Throwing
 * Level 10.8 Dodging
 * Level 13.6 Stealth


You had 7 spell levels left.
You didn't know any spells.

Dungeon Overview and Level Annotations

Branches:
Dungeon (6/15)
 Temple: D:4-7

Altars:
Cheibriados
Fedhas
Kikubaaqudgha
Qazlal
Trog
Xom
Zin

Annotations:
D:5 Grinder


Innate Abilities, Weirdness & Mutations

You are tiny and cannot use many weapons and most armour.
You have supernaturally acute eyesight.
You are a herbivore.
You cover ground extremely quickly.
You need consume almost no food.


Message History

Wield which item (- for none, * to show all)? (? for menu, Esc to quit)
w - a +0 blowgun (weapon)
Firing (i - inventory. (,) - cycle):
u - 8 needles of sleeping (quivered)
Press: ? - help, Shift-Dir - straight line, f - giant frog
Aim: a giant frog You shoot a needle of sleeping.
The needle of sleeping hits the giant frog.
Wield which item (- for none, * to show all)? (? for menu, Esc to quit)
a - a +2 dagger (weapon)
The giant frog gives a loud, deep croak!
The giant frog closely misses you.
You closely miss the giant frog. The giant frog misses you.
You closely miss the giant frog. The giant frog completely misses you.
The giant frog hits you!
* * * LOW HITPOINT WARNING * * *
You closely miss the giant frog. You block the giant frog's attack.
You hit the giant frog.
The giant frog is lightly wounded.
The giant frog closely misses you. The giant frog hits you!
You die...

### ##.##########
##.#.........###########
##.###.#####............# ..##
##.# #..#########.#
##.###.#####..#########.######
#.).#..........F@............##
#.##.##...................#...###
#.##.##.#.###.#...#####...%...>..
#.##F##.#..>....#.........#...###
..##.##.#####.#...####....##.####
#.##.##.# #.##.## #....###....
#.##.##.#####.##.# ###..# #.###
#.##..........##.# #..# #.###
#.##..........##.# #..# #.##.


You could see a giant frog.

Vanquished Creatures
  Pikel (D:5)
  Edmund (D:4)
  A water moccasin (D:6)
  2 ice beasts
  4 slaves (D:5)
  Sigmund (D:4)
  Duvessa (D:4)
  Blork the orc (D:5)
  A goliath beetle (D:2)
  Dowan (D:4)
  A crimson imp (D:6)
  3 hounds
  A gnoll shaman (D:4)
  Crazy Yiuf (D:4)
  A jelly (D:5)
  7 worker ants
  A crocodile zombie (D:5)
  Ijyb (D:3)
  7 gnolls (D:4)
  7 adders
  A giant mite (D:5)
  An inept feature mimic (D:6)
  2 oozes
  9 orcs
  2 ball pythons
  13 hobgoblins
  14 jackals
  10 bats
  4 giant cockroaches
  3 giant geckos
  8 giant newts
  A giant spore (D:6)
  12 goblins
  A jackal skeleton (D:6)
  13 kobolds
  2 kobold skeletons (D:4)
  A quokka skeleton (D:5)
  10 rats
151 creatures vanquished.

Notes
Turn   | Place    | Note
--------------------------------------------------------------
     0 | D:1      | Chiseanne, the Spriggan Assassin, began the quest for the Orb.
     0 | D:1      | Reached XP level 1. HP: 10/10 MP: 2/2
   132 | D:1      | Reached skill level 6 in Stealth
   334 | D:1      | Reached XP level 2. HP: 9/14 MP: 4/4
   785 | D:1      | Reached skill level 7 in Stealth
   907 | D:1      | Reached XP level 3. HP: 16/18 MP: 6/6
  1304 | D:2      | Found a snail-covered altar of Cheibriados.
  1817 | D:2      | Reached XP level 4. HP: 9/22 MP: 8/8
  2062 | D:2      | Reached skill level 8 in Stealth
  2698 | D:3      | Reached XP level 5. HP: 25/25 MP: 10/10
  2949 | D:3      | Noticed Ijyb
  2955 | D:3      | Killed Ijyb
  3378 | D:4      | Noticed Edmund
  3464 | D:4      | Killed Edmund
  3464 | D:4      | Reached skill level 5 in Dodging
  3464 | D:4      | Reached skill level 9 in Stealth
  3464 | D:4      | Reached XP level 6. HP: 15/30 MP: 12/12
  3629 | D:4      | Noticed Sigmund
  3644 | D:4      | Killed Sigmund
  3817 | D:4      | Noticed an ice beast
  3818 | D:4      | Reached skill level 10 in Stealth
  3824 | D:4      | Killed an ice beast
  3885 | D:4      | Noticed Crazy Yiuf
  3891 | D:4      | Killed Crazy Yiuf
  3891 | D:4      | Reached XP level 7. HP: 33/33 MP: 14/14
  4094 | D:4      | Found a blossoming altar of Fedhas.
  4100 | D:4      | Found a stormy altar of Qazlal.
  4526 | D:4      | Noticed Dowan
  4529 | D:4      | Noticed Duvessa
  4534 | D:4      | Killed Dowan
  4585 | D:4      | Killed Duvessa
  4585 | D:4      | Reached skill level 11 in Stealth
  5247 | D:4      | Found a bloodstained altar of Trog.
  5280 | D:5      | Entered Level 5 of the Dungeon
  5403 | D:5      | Noticed Pikel
  5415 | D:5      | Got a crystal short sword
  5449 | D:5      | Identified the cursed +0 short sword of Klafuegg {slice, rElec rPois rF+ Stlth--} (You found it on level 5 of the Dungeon)
  5478 | D:5      | Killed Pikel
  5478 | D:5      | Reached skill level 12 in Stealth
  5478 | D:5      | Reached XP level 8. HP: 35/37 MP: 16/16
  5883 | D:5      | Noticed Blork the orc
  6014 | D:5      | Found an ancient bone altar of Kikubaaqudgha.
  6054 | D:5      | Killed Blork the orc
  6054 | D:5      | Reached skill level 10 in Dodging
  6054 | D:5      | Reached skill level 13 in Stealth
  6124 | D:5      | Found a shimmering altar of Xom.
  6234 | D:5      | Noticed Grinder
  6306 | D:5      | Paralysed by Grinder for 4 turns
  6616 | D:6      | Found a glowing silver altar of Zin.
  6717 | D:6      | Found a staircase to the Ecumenical Temple.
  6727 | D:6      | the staircase to the Ecumenical Temple was a mimic.
  7115 | D:6      | Slain by a giant frog

Action                   |  1- 3 |  4- 6 |  7- 9 || total
-------------------------+-------+-------+-------++-------
Melee: Dagger            |   147 |   159 |   234 ||   540
       Short sword       |       |       |    93 ||    93
 Fire: Blowgun           |       |    13 |    29 ||    42
Throw: Stone             |       |       |     1 ||     1
Evoke: Wand              |       |     2 |     9 ||    11
  Use: Scroll            |     1 |       |    15 ||    16
 Stab: Sleeping          |    13 |    13 |    20 ||    46
       Distracted        |       |       |     2 ||     2
  Eat: Fruit             |       |     2 |       ||     2
       Pizza             |       |       |     2 ||     2
